BlackHawks vs Wild

Created - September-26-13 at 18:24

Simulating a Pre-Season

Goals
1 2 3 OT1 SO T
BlackHawks 0 0 0 0 1 0
Wild 0 0 0 0 2 1
Shots
1 2 3 OT1 SO T
BlackHawks 5 3 15 1 5 24
Wild 5 2 2 1 5 10

1st period

No Goal

Penalties :
Clayton Stoner (MIN) for High sticking (Minor) at 3:45, Clayton Stoner (MIN) for Hooking (Minor) at 15:49

2nd period

No Goal

Penalties :
Blake Comeau (MIN) for Slashing (Minor) at 1:24, Erik Cole (MIN) for Hooking (Minor) at 1:41, Clayton Stoner (MIN) for Holding (Minor) at 5:21, Brent Burns (MIN) for Tripping (Minor) at 9:18, Dan Boyle (CHI) for Roughing (Minor) at 17:54

3rd period

No Goal

Penalties :
Brent Burns (MIN) for High sticking (Minor) at 2:56, Michael Stone (MIN) for Hooking (Minor) at 8:57, Francis Bouillon (CHI) for Holding (Minor) at 13:07, Erik Cole (MIN) for Tripping (Minor) at 16:26, Mats Zuccarello (CHI) for Diving (Minor) at 19:00

Overtime #1

No Goal

Penalties :
No Penalty

Shootout

Penalty Shot by Antoine Vermette for BlackHawks - Stopped by Viktor Fasth
Penalty Shot by Patrik Berglund for Wild - Goal!
Penalty Shot by Jamie McGinn for BlackHawks - Goal!
Penalty Shot by Brent Burns for Wild - Stopped by Braden Holtby
Penalty Shot by Jay McClement for BlackHawks - Stopped by Viktor Fasth
Penalty Shot by Bobby Ryan for Wild - Shot Misses the Net
Penalty Shot by Bryan Little for BlackHawks - Shot Misses the Net
Penalty Shot by Andy McDonald for Wild - Stopped by Braden Holtby
Penalty Shot by Martin Erat for BlackHawks - Shot Misses the Net
Penalty Shot by Milan Michalek for Wild - Goal!

Penalties :
No Penalty

Goalie Stats

Braden Holtby (CHI), 10 saves from 10 shots - (1.000), OTL, 5-6-1, 65:00 minutes
Viktor Fasth (MIN), 24 saves from 24 shots - (1.000), W, 1-0-0, 65:00 minutes

Players Stats for BlackHawks

Player Name              G  A  P  +/- PIM S  H  SB GA TA FO     MP     PP MP  PK MP  
------------------------------------------------------------------------------------
Alexander Killorn        0  0  0   0  0   2  0  0  0  0  0/0     3:17   0:00   0:02 
Antoine Vermette         0  0  0   0  0   2  2  0  0  0  1/3    26:02   8:28   3:42 
Bryan Little             0  0  0   0  0   2  0  0  0  0  3/4    24:54   8:28   2:34 
Dan Boyle                0  0  0   0  2   2  0  1  0  0  0/0    27:35   8:46   2:13 
Davis Drewiske           0  0  0   0  0   1  0  0  0  0  0/0    19:59   7:23   2:33 
Francis Bouillon         0  0  0   0  2   0  3  0  0  0  0/0    10:47   0:00   0:00 
Jack Hillen              0  0  0   0  0   3  1  1  0  0  0/0    23:27   6:08   1:11 
Jamie McGinn             0  0  0   0  0   0  0  0  0  0  0/0     3:15   0:00   0:00 
Jay McClement            0  0  0   0  0   2  2  0  0  0  2/4    22:02   7:41   0:55 
Mark Eaton               0  0  0   0  0   0  1  0  0  0  0/0    18:48   1:15   2:04 
Martin Erat              0  0  0   0  0   2  0  0  0  0  4/9    24:22   7:41   3:15 
Mats Zuccarello          0  0  0   0  2   0  1  0  0  0  5/16   12:46   0:00   0:26 
Mika Zibanejad           0  0  0   0  0   2  1  0  0  0  10/19  19:07   7:41   0:00 
P.K. Subban              0  0  0   0  0   2  4  0  0  0  0/0    29:16   8:46   3:53 
Radko Gudas              0  0  0   0  0   0  0  0  0  0  0/0     0:06   0:00   0:00 
Simon Gagne              0  0  0   0  0   0  0  0  0  0  0/0    12:21   0:00   0:00 
Tyler Kennedy            0  0  0   0  0   0  2  0  0  0  0/0    12:21   0:00   0:00 
Zach Parise              0  0  0   0  0   4  2  0  0  0  12/23  23:35   8:28   0:00 

Players Stats for Wild

Player Name              G  A  P  +/- PIM S  H  SB GA TA FO     MP     PP MP  PK MP  
------------------------------------------------------------------------------------
Andrei Markov            0  0  0   0  0   0  0  2  0  0  0/0    22:21   2:31   2:22 
Andrew Ebbett            0  0  0   0  0   0  0  0  0  0  8/16    8:51   0:00   8:14 
Andy McDonald            0  0  0   0  0   1  0  1  0  0  8/21   19:21   2:42   0:00 
Anton Babchuk            0  0  0   0  0   0  0  0  0  0  0/0     8:42   0:00   8:05 
Blake Comeau             0  0  0   0  2   0  3  0  0  0  1/1    15:21   0:00   6:33 
Bobby Ryan               0  0  0   0  0   0  2  0  0  0  1/1    19:21   2:42   0:00 
Brent Burns              0  0  0   0  4   2  2  0  0  0  0/0    18:33   2:15   0:00 
Clayton Stoner           0  0  0   0  6   0  0  0  0  0  0/0    12:54   0:00   4:52 
Erik Cole                0  0  0   0  4   2  4  1  0  0  0/1    19:54   2:42   0:45 
Fedor Tyutin             0  0  0   0  0   1  3  4  0  0  0/0    27:21   2:31   5:15 
Jay Pandolfo             0  0  0   0  0   0  0  0  0  0  3/9     7:55   0:00   7:55 
John-Michael Liles       0  0  0   0  0   0  3  0  0  0  0/0    20:29   2:26   0:00 
Manny Malhotra           0  0  0   0  0   0  2  0  0  0  4/7    15:57   0:00   7:08 
Michael Stone            0  0  0   0  2   0  2  2  0  0  0/0    18:37   0:00   5:31 
Milan Hejduk             0  0  0   0  0   1  0  0  0  0  0/0     8:49   0:00   0:00 
Milan Michalek           0  0  0   0  0   1  0  0  0  0  0/0    17:58   2:15   0:00 
Patrik Berglund          0  0  0   0  0   1  1  0  0  0  16/22  20:04   2:15   0:00 
Ryan Whitney             0  0  0   0  0   1  2  0  0  0  0/0    19:32   2:26   6:13 

3 Stars

1 - Viktor Fasth (MIN)
2 - Braden Holtby (CHI)
3 - Fedor Tyutin (MIN)

Power Play

BlackHawks - 0 on 9 Attempt(s) - 0.00%
Wild - 0 on 3 Attempt(s) - 0.00%

Penalty Kill

BlackHawks - 3 on 3 Attempt(s) - 100.00% - Score 0 goal in Penalty Kill
Wild - 9 on 9 Attempt(s) - 100.00% - Score 0 goal in Penalty Kill

Official

Referees : Don VanMassenhoven and Trent Knorr
Linesman : John Grandt and Mike Cvik

Game Notes

No Game Note

% Time on Ice - BlackHawks

Lines # - Real PCT - Wanted PCT - Time Play
Normal Forward
1 - 31% - 40% - 11:52
2 - 29% - 30% - 11:26
3 - 32% - 20% - 12:21
4 - 8% - 10% - 3:15
Normal Defense
1 - 37% - 40% - 14:14
2 - 34% - 30% - 13:13
3 - 28% - 20% - 10:48
4 - 2% - 10% - 0:39
PP Forward
1 - 52% - 60% - 8:28
2 - 48% - 40% - 7:41
PP Defense
1 - 54% - 60% - 8:46
2 - 46% - 40% - 7:23
PK Forward
1 - 84% - 60% - 4:08
2 - 16% - 40% - 0:49
PK Defense
1 - 68% - 60% - 3:21
2 - 32% - 40% - 1:36
PK3 Forward
1 - 90% - 60% - 0:54
2 - 10% - 40% - 0:06
PK3 Defense
1 - 53% - 60% - 0:32
2 - 47% - 40% - 0:28
44 Forward
1 - 100% - 60% - 4:00
2 - 0% - 40% - 0:00
44 Defense
1 - 43% - 60% - 1:44
2 - 57% - 40% - 2:16
Last Minute Offensive  - 0:00
Last Minute Defensive  - 0:00
Total
Forward - 65:00
Defense - 65:00

% Time on Ice - Wild

Lines # - Real PCT - Wanted PCT - Time Play
Normal Forward
1 - 34% - 35% - 13:23
2 - 37% - 35% - 14:22
3 - 23% - 15% - 8:49
4 - 6% - 15% - 2:20
Normal Defense
1 - 38% - 35% - 14:56
2 - 34% - 35% - 13:07
3 - 23% - 15% - 8:51
4 - 5% - 15% - 2:00
PP Forward
1 - 45% - 50% - 2:15
2 - 55% - 50% - 2:42
PP Defense
1 - 51% - 50% - 2:31
2 - 49% - 50% - 2:26
PK Forward
1 - 49% - 50% - 7:09
2 - 51% - 50% - 7:18
PK Defense
1 - 52% - 50% - 7:28
2 - 48% - 50% - 6:59
PK3 Forward
1 - 64% - 50% - 1:05
2 - 36% - 50% - 0:37
PK3 Defense
1 - 64% - 50% - 1:05
2 - 36% - 50% - 0:37
44 Forward
1 - 42% - 50% - 2:06
2 - 58% - 50% - 2:54
44 Defense
1 - 53% - 50% - 2:39
2 - 47% - 50% - 2:21
Last Minute Offensive  - 0:00
Last Minute Defensive  - 0:00
Total
Forward - 65:00
Defense - 65:00

Play by Play

1st period


0:01 of 1st period - Patrik Berglund wins face-off versus Zach Parise in neutral zone.
0:16 of 1st period - Shot by Brent Burns.
0:16 of 1st period - Shot Misses the Net.
1:51 of 1st period - Mika Zibanejad is hit by Blake Comeau and loses puck.
2:00 of 1st period - Shot by Milan Hejduk.
2:00 of 1st period - Stopped by Braden Holtby without a rebound.
2:01 of 1st period - Mats Zuccarello wins face-off versus Patrik Berglund in BlackHawks zone.
3:37 of 1st period - Mika Zibanejad is hit by Ryan Whitney and loses puck.
3:45 of 1st period - Minor Penalty to Clayton Stoner for High sticking.
3:46 of 1st period - Andrew Ebbett wins face-off versus Zach Parise in Wild zone.
5:22 of 1st period - Off-side.
5:23 of 1st period - Jay Pandolfo wins face-off versus Mika Zibanejad in neutral zone.
5:44 of 1st period - Shot by Dan Boyle.
5:44 of 1st period - Deflect By Mika Zibanejad.
5:44 of 1st period - Shot Blocked by Michael Stone.
6:16 of 1st period - Shot by Mark Eaton.
6:16 of 1st period - Shot Misses the Net.
6:22 of 1st period - Mark Eaton is hit by Erik Cole and loses puck.
7:10 of 1st period - Milan Michalek is hit by Francis Bouillon and loses puck.
7:13 of 1st period - Shot by Milan Michalek.
7:13 of 1st period - Stopped by Braden Holtby without a rebound.
7:14 of 1st period - Manny Malhotra wins face-off versus Mika Zibanejad in BlackHawks zone.
7:14 of 1st period - Andrei Markov is hit by P.K. Subban and loses puck.
8:21 of 1st period - Shot by Zach Parise.
8:21 of 1st period - Shot Misses the Net.
8:23 of 1st period - Shot by Zach Parise.
8:23 of 1st period - Shot Blocked by Michael Stone.
8:30 of 1st period - Alexander Killorn is hit by Michael Stone and loses puck.
8:35 of 1st period - Shot by Alexander Killorn.
8:35 of 1st period - Stopped by Viktor Fasth with a rebound.
8:37 of 1st period - Shot by Zach Parise.
8:37 of 1st period - Stopped by Viktor Fasth without a rebound.
8:38 of 1st period - Patrik Berglund wins face-off versus Mats Zuccarello in Wild zone.
8:38 of 1st period - Patrik Berglund is hit by Tyler Kennedy.
9:01 of 1st period - Shot by Tyler Kennedy.
9:01 of 1st period - Shot Hit the Post.
9:03 of 1st period - Shot by Jack Hillen.
9:03 of 1st period - Shot Blocked by Fedor Tyutin.
9:28 of 1st period - Fedor Tyutin is hit by P.K. Subban and loses puck.
10:24 of 1st period - Shot by Martin Erat.
10:24 of 1st period - Stopped by Viktor Fasth without a rebound.
10:25 of 1st period - Mika Zibanejad wins face-off versus Patrik Berglund in Wild zone.
10:25 of 1st period - Mark Eaton is hit by John-Michael Liles and loses puck.
10:36 of 1st period - Shot by Jay McClement.
10:36 of 1st period - Stopped by Viktor Fasth without a rebound.
10:37 of 1st period - Mats Zuccarello wins face-off versus Manny Malhotra in Wild zone.
10:43 of 1st period - Michael Stone is hit by Francis Bouillon and loses puck.
10:47 of 1st period - Icing by Francis Bouillon.
10:48 of 1st period - Patrik Berglund wins face-off versus Mats Zuccarello in BlackHawks zone.
11:02 of 1st period - Patrik Berglund is hit by Francis Bouillon and loses puck.
11:05 of 1st period - Shot by Milan Michalek.
11:05 of 1st period - Shot Misses the Net.
11:07 of 1st period - Shot by Erik Cole.
11:07 of 1st period - Stopped by Braden Holtby without a rebound.
11:08 of 1st period - Bobby Ryan wins face-off versus Zach Parise in BlackHawks zone.
11:08 of 1st period - Michael Stone is hit by P.K. Subban and loses puck.
11:15 of 1st period - Shot by Andrei Markov.
11:15 of 1st period - Shot Misses the Net.
11:17 of 1st period - Shot by Bobby Ryan.
11:17 of 1st period - Shot Blocked by Dan Boyle.
11:19 of 1st period - Shot by Erik Cole.
11:19 of 1st period - Stopped by Braden Holtby without a rebound.
11:20 of 1st period - Patrik Berglund wins face-off versus Mika Zibanejad in BlackHawks zone.
11:35 of 1st period - Shot by Patrik Berglund.
11:35 of 1st period - Shot Misses the Net.
12:07 of 1st period - Icing by Mika Zibanejad.
12:08 of 1st period - Mika Zibanejad wins face-off versus Andy McDonald in BlackHawks zone.
12:31 of 1st period - Shot by Zach Parise.
12:31 of 1st period - Stopped by Viktor Fasth without a rebound.
12:32 of 1st period - Manny Malhotra wins face-off versus Mats Zuccarello in Wild zone.
13:14 of 1st period - Icing by Francis Bouillon.
13:15 of 1st period - Patrik Berglund wins face-off versus Mats Zuccarello in BlackHawks zone.
14:07 of 1st period - Icing by Zach Parise.
14:08 of 1st period - Zach Parise wins face-off versus Andy McDonald in BlackHawks zone.
14:36 of 1st period - Shot by Andy McDonald.
14:36 of 1st period - Shot Misses the Net.
14:38 of 1st period - Shot by Andy McDonald.
14:38 of 1st period - Shot Misses the Net.
14:50 of 1st period - Shot by Andy McDonald.
14:50 of 1st period - Stopped by Braden Holtby without a rebound.
14:51 of 1st period - Manny Malhotra wins face-off versus Mika Zibanejad in BlackHawks zone.
14:51 of 1st period - Clayton Stoner is hit by Mark Eaton and loses puck.
15:48 of 1st period - Shot by Mats Zuccarello.
15:48 of 1st period - Shot Misses the Net.
15:49 of 1st period - Minor Penalty to Clayton Stoner for Hooking.
15:50 of 1st period - Andrew Ebbett wins face-off versus Zach Parise in Wild zone.
15:58 of 1st period - Off-side.
15:59 of 1st period - Zach Parise wins face-off versus Andrew Ebbett in neutral zone.
17:08 of 1st period - Icing by P.K. Subban.
17:09 of 1st period - Mika Zibanejad wins face-off versus Jay Pandolfo in BlackHawks zone.
18:02 of 1st period - Andrei Markov is hit by Mats Zuccarello and loses puck.
18:29 of 1st period - Mats Zuccarello is hit by Brent Burns and loses puck.
18:54 of 1st period - Bobby Ryan is hit by Zach Parise and loses puck.

2nd period


0:01 of 2nd period - Zach Parise wins face-off versus Patrik Berglund in neutral zone.
0:56 of 2nd period - Antoine Vermette is hit by Erik Cole and loses puck.
1:18 of 2nd period - Icing by P.K. Subban.
1:19 of 2nd period - Zach Parise wins face-off versus Manny Malhotra in BlackHawks zone.
1:19 of 2nd period - Zach Parise is hit by Blake Comeau.
1:24 of 2nd period - Minor Penalty to Blake Comeau for Slashing.
1:25 of 2nd period - Jay Pandolfo wins face-off versus Mika Zibanejad in Wild zone.
1:41 of 2nd period - Minor Penalty to Erik Cole for Hooking.
1:42 of 2nd period - Mika Zibanejad wins face-off versus Andrew Ebbett in Wild zone.
1:53 of 2nd period - Shot by Jay McClement.
1:53 of 2nd period - Shot Misses the Net.
3:24 of 2nd period - Icing by Martin Erat.
3:25 of 2nd period - Jay Pandolfo wins face-off versus Mika Zibanejad in BlackHawks zone.
3:40 of 2nd period - Ryan Whitney is hit by Mika Zibanejad and loses puck.
3:46 of 2nd period - Icing by Bobby Ryan.
3:47 of 2nd period - Andy McDonald wins face-off versus Mats Zuccarello in Wild zone.
3:59 of 2nd period - Shot by Mats Zuccarello.
3:59 of 2nd period - Deflect By Tyler Kennedy.
3:59 of 2nd period - Shot Blocked by Erik Cole.
4:01 of 2nd period - Shot by Dan Boyle.
4:01 of 2nd period - Shot Misses the Net.
4:05 of 2nd period - Shot by Simon Gagne.
4:05 of 2nd period - Shot Misses the Net.
4:07 of 2nd period - Shot by P.K. Subban.
4:07 of 2nd period - Shot Misses the Net.
4:12 of 2nd period - Mats Zuccarello is hit by Fedor Tyutin and loses puck.
4:16 of 2nd period - Simon Gagne is hit by John-Michael Liles and loses puck.
4:33 of 2nd period - Icing by Fedor Tyutin.
4:34 of 2nd period - Andy McDonald wins face-off versus Zach Parise in Wild zone.
4:38 of 2nd period - Off-side.
4:39 of 2nd period - Patrik Berglund wins face-off versus Antoine Vermette in neutral zone.
4:39 of 2nd period - Patrik Berglund is hit by Zach Parise.
4:44 of 2nd period - Brent Burns is hit by Jack Hillen.
5:07 of 2nd period - Shot by Antoine Vermette.
5:07 of 2nd period - Stopped by Viktor Fasth without a rebound.
5:08 of 2nd period - Mika Zibanejad wins face-off versus Manny Malhotra in Wild zone.
5:14 of 2nd period - Mika Zibanejad is hit by Ryan Whitney.
5:21 of 2nd period - Minor Penalty to Clayton Stoner for Holding.
5:22 of 2nd period - Zach Parise wins face-off versus Andrew Ebbett in Wild zone.
6:01 of 2nd period - Shot by Dan Boyle.
6:01 of 2nd period - Deflect By Zach Parise.
6:01 of 2nd period - Shot Misses the Net.
6:29 of 2nd period - Shot by Jack Hillen.
6:29 of 2nd period - Stopped by Viktor Fasth without a rebound.
6:30 of 2nd period - Mika Zibanejad wins face-off versus Andrew Ebbett in Wild zone.
6:31 of 2nd period - Shot by Davis Drewiske.
6:31 of 2nd period - Shot Misses the Net.
6:33 of 2nd period - Shot by Jay McClement.
6:33 of 2nd period - Shot Blocked by Fedor Tyutin.
6:57 of 2nd period - Ryan Whitney is hit by Jay McClement and loses puck.
7:16 of 2nd period - Icing by Jay McClement.
7:17 of 2nd period - Mika Zibanejad wins face-off versus Jay Pandolfo in BlackHawks zone.
7:33 of 2nd period - Milan Michalek is hit by P.K. Subban.
7:37 of 2nd period - Shot by Patrik Berglund.
7:37 of 2nd period - Stopped by Braden Holtby without a rebound.
7:38 of 2nd period - Andy McDonald wins face-off versus Zach Parise in BlackHawks zone.
7:48 of 2nd period - Antoine Vermette is hit by Fedor Tyutin and loses puck.
7:56 of 2nd period - Antoine Vermette is hit by Fedor Tyutin.
8:17 of 2nd period - Icing by Bryan Little.
8:18 of 2nd period - Patrik Berglund wins face-off versus Zach Parise in BlackHawks zone.
9:18 of 2nd period - Minor Penalty to Brent Burns for Tripping.
9:19 of 2nd period - Zach Parise wins face-off versus Andrew Ebbett in Wild zone.
9:42 of 2nd period - Shot by Davis Drewiske.
9:42 of 2nd period - Shot Misses the Net.
10:17 of 2nd period - Icing by Mark Eaton.
10:18 of 2nd period - Andrew Ebbett wins face-off versus Zach Parise in BlackHawks zone.
10:39 of 2nd period - Dan Boyle is hit by Manny Malhotra and loses puck.
10:45 of 2nd period - Martin Erat is hit by Manny Malhotra and loses puck.
11:54 of 2nd period - Shot by Mats Zuccarello.
11:54 of 2nd period - Shot Blocked by Andy McDonald.
13:00 of 2nd period - Off-side.
13:01 of 2nd period - Manny Malhotra wins face-off versus Mats Zuccarello in neutral zone.
13:04 of 2nd period - Shot by Andrei Markov.
13:04 of 2nd period - Shot Blocked by Jack Hillen.
13:55 of 2nd period - Martin Erat is hit by Bobby Ryan and loses puck.
14:33 of 2nd period - Jay McClement is hit by Bobby Ryan and loses puck.
15:00 of 2nd period - Shot by Brent Burns.
15:00 of 2nd period - Stopped by Braden Holtby without a rebound.
15:01 of 2nd period - Zach Parise wins face-off versus Patrik Berglund in BlackHawks zone.
15:01 of 2nd period - Zach Parise is hit by Patrik Berglund.
15:34 of 2nd period - Shot by Zach Parise.
15:34 of 2nd period - Shot Blocked by Andrei Markov.
15:51 of 2nd period - Icing by Andrei Markov.
15:52 of 2nd period - Patrik Berglund wins face-off versus Mats Zuccarello in Wild zone.
17:39 of 2nd period - Shot by Zach Parise.
17:39 of 2nd period - Shot Misses the Net.
17:41 of 2nd period - Shot by Bryan Little.
17:41 of 2nd period - Stopped by Viktor Fasth without a rebound.
17:42 of 2nd period - Patrik Berglund wins face-off versus Mika Zibanejad in Wild zone.
17:54 of 2nd period - Minor Penalty to Dan Boyle for Roughing.
17:55 of 2nd period - Martin Erat wins face-off versus Andy McDonald in BlackHawks zone.
17:55 of 2nd period - Martin Erat is hit by Erik Cole.
18:04 of 2nd period - Icing by Bobby Ryan.
18:05 of 2nd period - Martin Erat wins face-off versus Andy McDonald in Wild zone.
18:09 of 2nd period - Icing by Andrei Markov.
18:10 of 2nd period - Martin Erat wins face-off versus Andy McDonald in Wild zone.
18:46 of 2nd period - Off-side.
18:47 of 2nd period - Patrik Berglund wins face-off versus Martin Erat in neutral zone.

3rd period


0:01 of 3rd period - Bryan Little wins face-off versus Patrik Berglund in neutral zone.
0:27 of 3rd period - Antoine Vermette is hit by John-Michael Liles and loses puck.
1:13 of 3rd period - Jay McClement is hit by Blake Comeau.
1:30 of 3rd period - Off-side.
1:31 of 3rd period - Mats Zuccarello wins face-off versus Erik Cole in neutral zone.
2:56 of 3rd period - Minor Penalty to Brent Burns for High sticking.
2:57 of 3rd period - Zach Parise wins face-off versus Andrew Ebbett in Wild zone.
3:00 of 3rd period - Shot by Dan Boyle.
3:00 of 3rd period - Stopped by Viktor Fasth without a rebound.
3:01 of 3rd period - Andrew Ebbett wins face-off versus Zach Parise in Wild zone.
3:01 of 3rd period - Andrew Ebbett is hit by Antoine Vermette.
3:41 of 3rd period - Shot by Zach Parise.
3:41 of 3rd period - Shot Misses the Net.
3:43 of 3rd period - Shot by Zach Parise.
3:43 of 3rd period - Stopped by Viktor Fasth without a rebound.
3:44 of 3rd period - Mika Zibanejad wins face-off versus Jay Pandolfo in Wild zone.
3:45 of 3rd period - Shot by Martin Erat.
3:45 of 3rd period - Shot Misses the Net.
3:47 of 3rd period - Shot by Martin Erat.
3:47 of 3rd period - Shot Misses the Net.
3:49 of 3rd period - Shot by Davis Drewiske.
3:49 of 3rd period - Shot Misses the Net.
3:51 of 3rd period - Shot by Jay McClement.
3:51 of 3rd period - Stopped by Viktor Fasth with a rebound.
3:57 of 3rd period - Shot by Jack Hillen.
3:57 of 3rd period - Stopped by Viktor Fasth with a rebound.
4:03 of 3rd period - Shot by Mika Zibanejad.
4:03 of 3rd period - Stopped by Viktor Fasth without a rebound.
4:04 of 3rd period - Andrew Ebbett wins face-off versus Zach Parise in Wild zone.
4:17 of 3rd period - Shot by Zach Parise.
4:17 of 3rd period - Shot Misses the Net.
5:00 of 3rd period - Shot by Mika Zibanejad.
5:00 of 3rd period - Shot Blocked by Fedor Tyutin.
5:20 of 3rd period - Shot by Mika Zibanejad.
5:20 of 3rd period - Stopped by Viktor Fasth with a rebound.
6:29 of 3rd period - Icing by Bobby Ryan.
6:30 of 3rd period - Mats Zuccarello wins face-off versus Andy McDonald in Wild zone.
6:36 of 3rd period - Icing by Erik Cole.
6:37 of 3rd period - Bryan Little wins face-off versus Andy McDonald in Wild zone.
7:03 of 3rd period - Off-side.
7:04 of 3rd period - Patrik Berglund wins face-off versus Mats Zuccarello in neutral zone.
7:14 of 3rd period - Icing by Francis Bouillon.
7:15 of 3rd period - Blake Comeau wins face-off versus Mats Zuccarello in BlackHawks zone.
7:19 of 3rd period - Icing by Francis Bouillon.
7:20 of 3rd period - Mats Zuccarello wins face-off versus Patrik Berglund in BlackHawks zone.
8:22 of 3rd period - Shot by Zach Parise.
8:22 of 3rd period - Stopped by Viktor Fasth with a rebound.
8:24 of 3rd period - Shot by P.K. Subban.
8:24 of 3rd period - Shot Blocked by Fedor Tyutin.
8:26 of 3rd period - Shot by Zach Parise.
8:26 of 3rd period - Shot Misses the Net.
8:30 of 3rd period - Shot by Bryan Little.
8:30 of 3rd period - Stopped by Viktor Fasth with a rebound.
8:49 of 3rd period - Icing by Dan Boyle.
8:50 of 3rd period - Zach Parise wins face-off versus Andy McDonald in BlackHawks zone.
8:50 of 3rd period - Zach Parise is hit by Erik Cole.
8:57 of 3rd period - Minor Penalty to Michael Stone for Hooking.
8:58 of 3rd period - Andrew Ebbett wins face-off versus Mika Zibanejad in Wild zone.
9:28 of 3rd period - Shot by Jack Hillen.
9:28 of 3rd period - Shot Misses the Net.
9:50 of 3rd period - Shot by Dan Boyle.
9:50 of 3rd period - Stopped by Viktor Fasth without a rebound.
9:51 of 3rd period - Zach Parise wins face-off versus Jay Pandolfo in Wild zone.
9:52 of 3rd period - Shot by P.K. Subban.
9:52 of 3rd period - Stopped by Viktor Fasth without a rebound.
9:53 of 3rd period - Zach Parise wins face-off versus Jay Pandolfo in Wild zone.
10:18 of 3rd period - Off-side.
10:19 of 3rd period - Andrew Ebbett wins face-off versus Mika Zibanejad in neutral zone.
10:30 of 3rd period - Shot by Jack Hillen.
10:30 of 3rd period - Stopped by Viktor Fasth without a rebound.
10:31 of 3rd period - Antoine Vermette wins face-off versus Andrew Ebbett in Wild zone.
11:04 of 3rd period - Icing by Michael Stone.
11:05 of 3rd period - Jay McClement wins face-off versus Andy McDonald in Wild zone.
11:10 of 3rd period - Shot by Martin Erat.
11:10 of 3rd period - Stopped by Viktor Fasth without a rebound.
11:11 of 3rd period - Zach Parise wins face-off versus Andy McDonald in Wild zone.
11:51 of 3rd period - Shot by Antoine Vermette.
11:51 of 3rd period - Stopped by Viktor Fasth without a rebound.
11:52 of 3rd period - Patrik Berglund wins face-off versus Martin Erat in Wild zone.
12:17 of 3rd period - Shot by Brent Burns.
12:17 of 3rd period - Shot Misses the Net.
13:07 of 3rd period - Minor Penalty to Francis Bouillon for Holding.
13:08 of 3rd period - Andy McDonald wins face-off versus Martin Erat in BlackHawks zone.
14:19 of 3rd period - Shot by Ryan Whitney.
14:19 of 3rd period - Stopped by Braden Holtby without a rebound.
14:20 of 3rd period - Patrik Berglund wins face-off versus Martin Erat in BlackHawks zone.
15:22 of 3rd period - Shot by Jamie McGinn.
15:22 of 3rd period - Shot Blocked by Andrei Markov.
15:39 of 3rd period - Shot by Alexander Killorn.
15:39 of 3rd period - Shot Misses the Net.
15:46 of 3rd period - Shot by Alexander Killorn.
15:46 of 3rd period - Stopped by Viktor Fasth without a rebound.
15:47 of 3rd period - Andy McDonald wins face-off versus Mats Zuccarello in Wild zone.
15:51 of 3rd period - Off-side.
15:52 of 3rd period - Andy McDonald wins face-off versus Mats Zuccarello in neutral zone.
15:52 of 3rd period - Bobby Ryan is hit by Tyler Kennedy and loses puck.
16:26 of 3rd period - Minor Penalty to Erik Cole for Tripping.
16:27 of 3rd period - Andrew Ebbett wins face-off versus Zach Parise in Wild zone.
16:27 of 3rd period - Andrew Ebbett is hit by Antoine Vermette.
16:47 of 3rd period - Shot by Davis Drewiske.
16:47 of 3rd period - Stopped by Viktor Fasth without a rebound.
16:48 of 3rd period - Mika Zibanejad wins face-off versus Andrew Ebbett in Wild zone.
16:48 of 3rd period - Mika Zibanejad is hit by Michael Stone.
17:01 of 3rd period - Icing by Dan Boyle.
17:02 of 3rd period - Mika Zibanejad wins face-off versus Jay Pandolfo in BlackHawks zone.
19:00 of 3rd period - Minor Penalty to Mats Zuccarello for Diving.
19:01 of 3rd period - Patrik Berglund wins face-off versus Martin Erat in BlackHawks zone.
19:02 of 3rd period - Shot by Fedor Tyutin.
19:02 of 3rd period - Shot Misses the Net.
19:24 of 3rd period - Shot by Fedor Tyutin.
19:24 of 3rd period - Stopped by Braden Holtby without a rebound.
19:25 of 3rd period - Martin Erat wins face-off versus Andy McDonald in BlackHawks zone.
19:49 of 3rd period - Icing by John-Michael Liles.
19:50 of 3rd period - Bryan Little wins face-off versus Andy McDonald in Wild zone.

Overtime #1


0:01 of 1st overtime period - Patrik Berglund wins face-off versus Bryan Little in neutral zone.
1:14 of 1st overtime period - Andy McDonald is hit by Jay McClement and loses puck.
1:51 of 1st overtime period - Dan Boyle is hit by Brent Burns and loses puck.
2:15 of 1st overtime period - Shot by P.K. Subban.
2:15 of 1st overtime period - Stopped by Viktor Fasth without a rebound.
2:16 of 1st overtime period - Andy McDonald wins face-off versus Jay McClement in Wild zone.
2:33 of 1st overtime period - Icing by P.K. Subban.
2:34 of 1st overtime period - Jay McClement wins face-off versus Andy McDonald in BlackHawks zone.
4:28 of 1st overtime period - Icing by Jack Hillen.
4:29 of 1st overtime period - Patrik Berglund wins face-off versus Antoine Vermette in BlackHawks zone.
4:32 of 1st overtime period - Shot by Brent Burns.
4:32 of 1st overtime period - Stopped by Braden Holtby without a rebound.
4:33 of 1st overtime period - Andy McDonald wins face-off versus Jay McClement in BlackHawks zone.

ShootOut


5:00 of 1st overtime period - Penalty Shot by Antoine Vermette for BlackHawks.
5:00 of 1st overtime period - Stopped by Viktor Fasth.
5:00 of 1st overtime period - Penalty Shot by Patrik Berglund for Wild.
5:00 of 1st overtime period - Goal by Patrik Berglund.
5:00 of 1st overtime period - Penalty Shot by Jamie McGinn for BlackHawks.
5:00 of 1st overtime period - Goal by Jamie McGinn.
5:00 of 1st overtime period - Penalty Shot by Brent Burns for Wild.
5:00 of 1st overtime period - Stopped by Braden Holtby.
5:00 of 1st overtime period - Penalty Shot by Jay McClement for BlackHawks.
5:00 of 1st overtime period - Stopped by Viktor Fasth.
5:00 of 1st overtime period - Penalty Shot by Bobby Ryan for Wild.
5:00 of 1st overtime period - Shot Misses the Net.
5:00 of 1st overtime period - Penalty Shot by Bryan Little for BlackHawks.
5:00 of 1st overtime period - Shot Misses the Net.
5:00 of 1st overtime period - Penalty Shot by Andy McDonald for Wild.
5:00 of 1st overtime period - Stopped by Braden Holtby.
5:00 of 1st overtime period - Penalty Shot by Martin Erat for BlackHawks.
5:00 of 1st overtime period - Shot Misses the Net.
5:00 of 1st overtime period - Penalty Shot by Milan Michalek for Wild.
5:00 of 1st overtime period - Goal by Milan Michalek.


Output by the SimonT Hockey Simulator (STHS) for Stephane Roy -- Original Page W3C XHTML 1.0 Valid
Hockey Simulator - Hockey Simulation - Hockey Manager